 Dungeon Crawl Stone Soup version 0.25-a0-41-g6cf4ce537d (webtiles) character file.

Game seed: 16721513835363644919, levelgen mode: deterministic

58 Chiseanne the Skirmisher (level 3, -2/33 HPs)
             Began as a Demonspawn Wanderer on Oct 21, 2019.
             Was an Initiate of Gozag.
             Slain by an orc
             ... wielding a +0 short sword
              (3 damage)
             ... on level 4 of the Dungeon.
             The game lasted 00:03:01 (1911 turns).

Chiseanne the Skirmisher (Demonspawn Wanderer)      Turns: 1911, Time: 00:03:02

Health: -2/33      AC:  2    Str: 13    XL:     3   Next: 76%
Magic:  3/3        EV: 12    Int: 12    God:    Gozag
Gold:   97         SH:  0    Dex: 13    Spells: 2/2 levels left

rFire    . . .     SeeInvis .   a - +2 dagger
rCold    . . .     Gourm    .   (no shield)
rNeg     . . .     Faith    .   e - +0 robe
rPois    .         Spirit   .   (no helmet)
rElec    .         Reflect  .   (no cloak)
rCorr    .         Harm     .   (no gloves)
MR       .....                  (no boots)
Stlth    +.........             (no amulet)
HPRegen  0.11/turn              (no ring)
MPRegen  0.08/turn              (no ring)

@: flying, hasted, very quick
A: powered by pain 1
a: Potion Petition, Call Merchant, Bribe Branch, Renounce Religion


You were on level 4 of the Dungeon.
You worshipped Gozag.
Gozag was noncommittal.
You were full.

You visited 1 branch of the dungeon, and saw 3 of its levels.

You collected 137 gold pieces.
You paid 40 gold pieces to Gozag.

Inventory:

Hand Weapons
 a - a +2 dagger (weapon)
 n - a +0 mace
 q - a +2 hand axe of venom
 s - a +0 hand axe
Missiles
 b - a curare-tipped dart (quivered)
 c - 42 stones
 j - 63 bolts
Armour
 e - a +0 robe (worn)
 m - a cursed +0 chain mail
Jewellery
 o - an uncursed ring of see invisible {unknown}
Potions
 d - 2 potions of lignification
 g - a potion of flight
 h - a potion of curing {unknown}
 i - a potion of agility {unknown}
 k - 2 potions of haste
 l - a potion of magic {unknown}
 p - a potion of cancellation {unknown}
Comestibles
 f - 2 rations


   Skills:
 + Level 5.2 Fighting
 * Level 1.9 Short Blades
 - Level 1.7 Axes
   Level 1.0 Crossbows
 - Level 1.7 Throwing
 * Level 1.7 Dodging


You had 2 spell levels left.
You didn't know any spells.
Your spell library was empty.

Dungeon Overview and Level Annotations

Branches:
Dungeon (2/15)

Altars:
Gozag
Hepliaklqana
Makhleb
Ru
Vehumet
The Shining One


Innate Abilities, Weirdness & Mutations

You sometimes gain a little power by taking damage.


Message History

You're too confused to move!
The orc wizard closely misses you.
You bump into the rock wall.
The orc wizard hits you with a cursed -1 dagger.
* * * LOW HITPOINT WARNING * * *
The orc misses you.
It was a potion of flight.
You feel very buoyant.
You fly up into the air.
The orc wizard casts a spell at you. The magic dart hits you.
* * * LOW HITPOINT WARNING * * *
The orc hits you with a +0 short sword.
* * * LOW HITPOINT WARNING * * *
It was a potion of haste.
You feel yourself speed up.
You feel less confused.
The orc wizard hits you with a cursed -1 dagger.
* * * LOW HITPOINT WARNING * * *
The orc hits you with a +0 short sword.
You die...
Your body crumbles into a pile of gold.

$ $ ##### ## #
#...# .# #
#.####...# .#.#
#........###o..#
#..........@o..#
#.......#####.##..#
...................
#############.##..#
# .# .


You could see an orc wizard and an orc.

Vanquished Creatures
  2 adders (D:2)
  An ooze (D:2)
  A worm (D:2)
  A dart slug (D:1)
  A leopard gecko (D:1)
  3 bats (D:1)
  2 giant cockroaches (D:1)
  3 goblins
  5 hobgoblins
  3 frilled lizards
  4 kobolds
  6 rats
32 creatures vanquished.

Notes
Turn   | Place    | Note
-------+----------+-------------------------------------------
     0 | D:1      | Chiseanne the Demonspawn Wanderer began the quest for the
                  | Orb.
     0 | D:1      | Chiseanne set off with the following items: a +2 dagger, a
                  | curare-tipped dart, a +0 hand axe, a potion of
                  | lignification, a +0 robe, a ration
     0 | D:1      | Reached XP level 1. HP: 21/21 MP: 1/1
   203 | D:1      | Gained mutation: You sometimes gain a little power by
                  | taking damage. [demonic ancestry]
   203 | D:1      | Reached XP level 2. HP: 19/27 MP: 2/2
   446 | D:1      | Reached skill level 1 in Short Blades
   446 | D:1      | Reached skill level 1 in Dodging
  1096 | D:2      | Reached XP level 3. HP: 25/33 MP: 3/3
  1609 | D:2      | Found a hazy altar of Hepliaklqana.
  1609 | D:2      | Found a glowing golden altar of the Shining One.
  1610 | D:2      | Found a radiant altar of Vehumet.
  1611 | D:2      | Found an opulent altar of Gozag.
  1613 | D:2      | Found a sacrificial altar of Ru.
  1614 | D:2      | Found a burning altar of Makhleb.
  1617 | D:2      | Became a worshipper of Gozag Ym Sagoz the Greedy
  1887 | D:2      | You fall into a shaft and drop 2 floors!
  1911 | D:4      | HP: 1/33 [orc wizard/cursed -1 dagger (1)]
  1911 | D:4      | Slain by an orc

Levels and vault maps discovered:
D:1:      psy_arrival_terrarium, layout_loops_ring, corexii_hall_statues_x,
          chequers_serial_rivers_room_a
D:2:      layout_basic, minitemple, first_ration, serial_bayou_lagoon_a
D:4:      layout_basic, minmay_temple_entry_nine_rooms, uniq_ijyb, uniq_menkaure

Skill      XL: |  1  2 |
---------------+-------+-----
Short Blades   | 1 |  1.9
Dodging        | 1 |  1.7
Fighting       | |  5.2
Axes           | |  1.7
Crossbows      | |  1.0
Throwing       | |  1.7

Action                   || total
-------------------------++-------
Melee: Dagger            ||   118
Throw: Stone             ||     4
       Dart              ||     2
  Use: Potion            ||     2
  Eat: Chunk             ||     2
       Ration            ||     2
Armor: Robe              ||    19
Dodge: Dodged            ||    64

Table legend:
 A = Non-vault XP
 B = Vault XP
 C = Vault XP percentage of total XP
 D = Non-vault monster count
 E = Vault monster count
 F = Vault count percentage of total count
                 A         B        C        D         E       F
            +---------+---------+-------+---------+---------+-------
      Total |      84 |       0 |   0.0 |      32 |       0 |   0.0
            +---------+---------+-------+---------+---------+-------
        D:1 |      33 |       0 |   0.0 |      19 |       0 |   0.0
        D:2 |      51 |       0 |   0.0 |      13 |       0 |   0.0
            +---------+---------+-------+---------+---------+-------
